 Dungeon Crawl Stone Soup version 0.21-a0-270-g8204059 (webtiles) character file.

9089 Leszczynek the Grappler (level 11, -13/109 HPs)
             Began as a Troll Skald on Sept 14, 2017.
             Was a Believer of Uskayaw.
             Shot with an arrow by Nessos (14 damage)
             ... on level 13 of the Dungeon.
             The game lasted 00:30:26 (5225 turns).

Leszczynek the Grappler (Troll Skald)               Turns: 5225, Time: 00:30:27

Health: -13/109    AC: 12    Str: 21    XL:     11   Next: 18%
Magic:  15/15      EV: 12    Int:  9    God:    Uskayaw [**....]
Gold:   444        SH:  0    Dex: 10    Spells: 4/12 levels left

rFire    + . .     SeeInvis .     - Unarmed
rCold    . . .     Gourm    +   (no shield)
rNeg     . . .     Faith    .   k - +0 troll leather armour
rPois    .         Spirit   .   (helmet restricted)
rElec    .         Reflect  .   h - +2 cloak
rCorr    .         Harm     .   (gloves unavailable)
MR       .....                  (boots unavailable)
Stlth    ++........             (no amulet)
HPRegen  1.08/turn              n - ring of stealth
MPRegen  0.14/turn              D - ring of protection from fire

@: lethally poisoned (-13 -> -68)
A: unfitting armour, claws 3, yellow scales 1, dopey 1, fast metabolism 3,
gourmand, regeneration 1, shaggy fur 1, tough skin 2
a: Stomp, Line Pass, Renounce Religion


You were on level 13 of the Dungeon.
You worshipped Uskayaw.
Uskayaw was noncommittal.
You were very full.

You visited 1 branch of the dungeon, and saw 13 of its levels.
You also visited: Sewer and Bailey.

You collected 444 gold pieces.

Inventory:

Hand Weapons
 E - a +0 hand crossbow
Missiles
 i - 81 bolts
 m - 15 tomahawks (quivered)
 q - 5 javelins
 y - 5 large rocks
Armour
 g - a scarf of cloud immunity
 h - a +2 cloak (worn)
 k - a +0 troll leather armour (worn)
Jewellery
 n - a ring of stealth (left claw)
 D - a ring of protection from fire (right claw)
Wands
 e - a wand of random effects (23/48)
 p - a wand of disintegration (9/24)
 s - a wand of random effects (23/48)
 B - a wand of iceblast (3/15)
 C - a wand of confusion (5/48)
 H - a wand of lightning (9/15)
Scrolls
 b - a scroll of random uselessness {unknown}
 l - 2 scrolls of magic mapping
 u - 3 scrolls of remove curse {@r2}
 v - 6 scrolls of teleportation
 w - a scroll of amnesia {unknown}
 z - a scroll of enchant weapon {unknown}
 A - a scroll of noise {unknown}
Potions
 c - 2 potions of curing {@q1}
 f - a potion of agility {unknown}
 j - a potion of flight {unknown}
 t - a potion of ambrosia {unknown}
 x - a potion of brilliance
 G - a potion of mutation {unknown}
Comestibles
 d - 3 bread rations
 o - 10 royal jellies
 r - 4 meat rations


   Skills:
 * Level 7.4 Fighting
 - Level 6.1 Dodging
 + Level 11.3 Unarmed Combat
 - Level 1.2 Spellcasting
 - Level 2.0 Charms
 + Level 6.9 Invocations


You had 4 spell levels left.
You knew the following spells:

 Your Spells              Type           Power        Failure   Level  Hunger
a - Infusion              Chrm           #...         19%         1    ##.....
b - Shroud of Golubria    Chrm/Tloc      #.........   38%         2    ###....
c - Song of Slaying       Chrm           #.......     28%         2    ###....
q - Regeneration          Chrm/Necr      #.........   63%         3    ####...


Dungeon Overview and Level Annotations

Branches:
Dungeon (12/15)            Temple (0/1) D:7             Orc (0/2) D:9
   Lair: D:8-11

Altars:
Elyvilon
Fedhas
Gozag
Makhleb
Nemelex Xobeh
Qazlal
Uskayaw
Wu Jian
Xom
Zin

Shops:
D:6 %

Annotations:
D:7 zero's ghost, novice GrEE
D:10 8h, lair
D:13 Nessos


Innate Abilities, Weirdness & Mutations

You are too large for most types of armour.
You have claws for hands.
Your metabolism is lightning-fast.
You like to eat raw meat.
Your natural rate of healing is unusually fast.
You are covered in fur. (AC +1)
You have very tough skin. (AC +2)
You are partially covered in yellow scales. (AC +2)
You are dopey. (Int -2)


Message History

The arrow burns you.
You are more poisoned.
* * * LOW HITPOINT WARNING * * *
Evoke which item? (* to show all) (? for menu, Esc to quit)
Aiming: Confuse
Press: ? - help, Shift-Dir - straight line, f/p - Nessos
Aim: Nessos, wielding a longbow of flaming and wearing a glowing centaur barding (heavily wounded, fast, chance to defeat MR: 46%)
Okay, then.
Enter note: >46%
Enter note:
Enter note: gg no re Evoke which item? (* to show all) (? for menu, Esc to quit)
Aiming: Confuse
Press: ? - help, Shift-Dir - straight line, f/p - Nessos
Aim: Nessos, wielding a longbow of flaming and wearing a glowing centaur barding (heavily wounded, fast, chance to defeat MR: 46%) Nessos resists with some effort.
This wand has 5 charges left.
* * * LOW HITPOINT WARNING * * *
You feel extremely sick.
Nessos shoots an arrow.
The arrow hits you!
You die...

#...# #. #.### #. #.#
#. #.# #. #.#
#.########.. #.#
#........... #.#
##..[.......
#.#########.########.
#.....c..@(.#
#############


You could see Nessos.

Vanquished Creatures
  3 two-headed ogres
  A phantasmal warrior (D:11)
  A cyclops (D:12)
  A freezing wraith (D:11)
  A queen bee (D:8)
  2 trolls (D:11)
  A hippogriff (D:11)
  A vampire (D:12)
  A wyvern (D:8)
  2 water moccasins
  A porcupine (D:10)
  4 black bears
  5 orc warriors
  2 sky beasts
  A phantom (D:9)
  2 necrophages
  6 ogres
  2 crocodiles (D:10)
  4 centaurs
  4 bullfrogs
  A wyvern skeleton (D:11)
  3 scorpions
  13 killer bees
  3 howler monkeys (D:11)
  2 jellies
  10 orc priests
  2 centaur skeletons
  5 hounds
  2 iguanas
  7 orc wizards
  8 worker ants
  A hound skeleton (D:10)
  A howler monkey zombie (D:6)
  A gnoll (D:9)
  A howler monkey skeleton (D:4)
  15 adders
  A shadow imp (D:7)
  An adder zombie (D:6)
  An adder skeleton (D:6)
  A worm (D:3)
  A dart slug (D:3)
  2 leopard geckos (D:6)
  39 orcs
  7 bats
  6 giant cockroaches
  9 goblins
  4 hobgoblins
  8 jackals
  7 kobolds
  A quokka (D:3)
  3 ball pythons (Sewer)
  11 frilled lizards
  A leopard gecko zombie (D:6)
  4 rats
227 creatures vanquished.

Vanquished Creatures (others)
  5 fungi (D:10)
  2 plants (D:10)
7 creatures vanquished.

Grand Total: 234 creatures vanquished

Notes
Turn   | Place    | Note
-------+----------+-------------------------------------------
     0 | D:1      | Leszczynek the Troll Skald began the quest for the Orb.
     0 | D:1      | Reached XP level 1. HP: 19/19 MP: 1/1
    69 | D:1      | Reached XP level 2. HP: 27/27 MP: 2/2
   158 | D:1      | Learned a level 2 spell: Shroud of Golubria
   184 | D:1      | Reached skill level 3 in Unarmed Combat
   400 | D:2      | Reached XP level 3. HP: 32/33 MP: 3/3
   710 | D:3      | Found a shimmering altar of Xom.
   742 | D:3      | Reached skill level 4 in Unarmed Combat
   746 | D:3      | Found a hide-covered altar of Uskayaw.
   801 | D:3      | Found a stormy altar of Qazlal.
   830 | D:3      | Reached XP level 4. HP: 38/41 MP: 1/4
   873 | D:3      | Became a worshipper of Uskayaw the Reveler
   883 | D:3      | Reached * piety under Uskayaw
   987 | D:3      | Reached ** piety under Uskayaw
   990 | D:3      | Reached skill level 5 in Unarmed Combat
  1027 | D:4      | Reached XP level 5. HP: 31/48 MP: 2/5
  1041 | D:4      | Noticed a sky beast
  1054 | D:4      | Killed a sky beast
  1054 | D:4      | Reached skill level 6 in Unarmed Combat
  1058 | D:4      | Gained mutation: You are frail. (-10% HP) [mutagenic meat]
  1059 | D:4      | Gained mutation: You are dopey. (Int -2) [mutagenic meat]
  1060 | D:4      | Gained mutation: You are partially covered in yellow scales. (AC +2) [mutagenic meat]
  1166 | D:4      | Reached XP level 6. HP: 30/49 MP: 6/6
  1168 | D:4      | Reached *** piety under Uskayaw
  1275 | D:5      | Entered Level 5 of the Dungeon
  1334 | D:6      | Reached skill level 7 in Unarmed Combat
  1439 | D:6      | Reached **** piety under Uskayaw
  1459 | D:6      | Reached XP level 7. HP: 51/55 MP: 7/7
  1505 | D:6      | Found an ornate altar of the Wu Jian Council.
  1603 | D:6      | Found a glowing drain.
  1615 | Sewer    | Entered a sewer
  1912 | Sewer    | took some time, but 5 ?tp are worth it for sure
  1912 | Sewer    | and 1 !HW and some other potions i can't id yet
  1922 | D:6      | Found Cuxelej's Food Boutique.
  1991 | D:6      | i wonder if cloud immunity works on miasma
  1991 | D:6      | it should, right
  2065 | D:7      | Reached skill level 2 in Fighting
  2079 | D:7      | Found a glowing silver altar of Zin.
  2104 | D:7      | Reached skill level 8 in Unarmed Combat
  2177 | D:7      | Noticed zero's ghost (novice GrEE)
  2264 | D:5      | Found a sparkling altar of Nemelex Xobeh.
  2277 | D:5      | Reached skill level 3 in Fighting
  2470 | D:7      | Found a staircase to the Ecumenical Temple.
  2494 | D:7      | Reached skill level 1 in Invocations
  2553 | D:8      | Reached skill level 4 in Fighting
  2553 | D:8      | Reached XP level 8. HP: 51/70 MP: 6/8
  2582 | D:8      | Noticed a two-headed ogre
  2595 | D:8      | Found a white marble altar of Elyvilon.
  2611 | D:8      | Found a flagged portal.
  2641 | D:8      | Found an opulent altar of Gozag.
  2641 | D:8      | Found a burning altar of Makhleb.
  2673 | D:8      | Reached skill level 2 in Invocations
  2677 | D:8      | Lost mutation: You are frail. (-10% HP) [mutagenic meat]
  2694 | Bailey   | Entered a bailey
  2719 | Bailey   | do you think i have flight somewhere here?
  2719 | Bailey   | lol
  2726 | D:8      | maybe i did, but i don't want to check
  2906 | D:7      | Reached skill level 5 in Fighting
  3076 | D:9      | Reached skill level 2 in Dodging
  3076 | D:9      | Reached skill level 3 in Invocations
  3098 | D:9      | Reached skill level 9 in Unarmed Combat
  3174 | D:10     | Entered Level 10 of the Dungeon
  3174 | D:10     | Noticed a two-headed ogre
  3183 | D:9      | Found a staircase to the Orcish Mines.
  3219 | D:8      | Reached skill level 3 in Dodging
  3219 | D:8      | Reached XP level 9. HP: 51/88 MP: 10/10
  3268 | D:8      | HP: 26/132 [killer bee (3)]
  3272 | D:8      | HP: 12/132 [poisoned by a killer bee]
  3293 | D:8      | HP: 12/88 [killer bee (7)]
  3304 | D:8      | Reached skill level 4 in Dodging
  3304 | D:8      | Reached skill level 4 in Invocations
  3390 | D:8      | Noticed a queen bee
  3411 | D:9      | Found a blossoming altar of Fedhas.
  3591 | D:9      | Noticed a two-headed ogre
  3603 | D:9      | Killed a two-headed ogre
  3603 | D:9      | Reached skill level 5 in Dodging
  3732 | D:10     | Reached skill level 5 in Invocations
  3739 | D:10     | Noticed an eight-headed hydra
  3811 | D:8      | Killed a queen bee
  3822 | D:8      | Reached XP level 10. HP: 96/96 MP: 12/12
  3913 | D:10     | Killed a two-headed ogre
  3913 | D:10     | Reached skill level 10 in Unarmed Combat
  3997 | D:10     | Reached skill level 6 in Dodging
  3997 | D:10     | Reached ***** piety under Uskayaw
  4316 | D:11     | Reached skill level 6 in Fighting
  4494 | D:11     | Reached skill level 6 in Invocations
  4528 | D:11     | Noticed a two-headed ogre
  4564 | D:11     | Killed a two-headed ogre
  4564 | D:11     | Reached skill level 11 in Unarmed Combat
  4708 | D:11     | Noticed a phantasmal warrior
  4719 | D:11     | HP: 20/100 [phantasmal warrior (22)]
  4723 | D:11     | Killed a phantasmal warrior
  4723 | D:11     | Reached XP level 11. HP: 12/107 MP: 13/15
  4776 | D:10     | Reached skill level 7 in Fighting
  4908 | D:11     | Identified the Tome of the Many Lies
  4925 | D:11     | Learned a level 2 spell: Song of Slaying
  4929 | D:11     | Learned a level 3 spell: Regeneration
  5167 | D:12     | You fall through a shaft!
  5202 | D:13     | Noticed Nessos
  5224 | D:13     | HP: 10/109 [Nessos/arrow (15)]
  5225 | D:13     | >46%
  5225 | D:13     | gg no re
  5225 | D:13     | HP: 1/109 [poisoned by Nessos]
  5225 | D:13     | Shot with an arrow by Nessos

Vault maps used:
D:1:      saegor_arrival_simple_a, minmay_misc_feat_plants
D:3:      xom_teletrap_fun, overflow_temple_1_default,
          nicolae_qazlal_general_emergency, okawaru_altar_gauntlet_db
D:4:      lemuel_round_altar, nicolae_gozag_zags_fifth_avenue
D:5:      kennysheep_mini, nemelex_xobeh_ov_fountains_minmay, first_bread,
          hangedman_abyss_or_decor_slice
D:6:      overflow_temple_1_default, serial_shops, nicolae_shop_statue_plus,
          portal_sewer_entry_f, kennysheep_generic_room_8
D:7:      lemuel_round_altar, minmay_temple_entry_mist, uniq_menkaure
D:8:      old_standard_altar, gammafunk_temple_overflow_pools, enter_bailey_3,
          david_nohive_1
D:9:      lemuel_crystal_altar, david_orc_2, serial_glass, glass_columns_a,
          glass_columns_b, glass_columns_b, glass_columns_a, glass_columns_a,
          glass_columns_b, glass_columns_b, glass_columns_a
D:10:     due_lair_maze_entry_diamond
D:11:     minmay_mutant_horseshoe
D:12:     enter_trove_1
D:13:     uniq_snorg, uniq_rupert, uniq_nessos
Sewer:    sewer_co_cracked_pipes
Bailey:   bailey_polearm_1, bailey

Skill      XL: |  1  2  3  4  5  6  7  8  9 10 11 |
---------------+----------------------------------+-----
Unarmed Combat | 3 4 5 6 7 8 9 11 | 11.3
Fighting       | 4 5 6 7 |  7.4
Invocations    | 1 3 5 6 |  6.9
Dodging        | 3 5 6 |  6.1
Spellcasting   | |  1.2
Charms         | |  2.0

Action                   |  1- 3 |  4- 6 |  7- 9 | 10-12 || total
-------------------------+-------+-------+-------+-------++-------
Melee: Unarmed           |    94 |   116 |   313 |   217 ||   740
       Punch             |     1 |     1 |    10 |     9 ||    21
Throw: Tomahawk          |       |       |     1 |     6 ||     7
 Cast: Shroud of Golubri |     2 |     4 |     5 |     3 ||    14
Evoke: Wand              |       |       |     1 |     5 ||     6
  Use: Scroll            |     1 |     2 |     6 |     3 ||    12
       Potion            |       |       |     6 |       ||     6
 Stab: Paralysed         |       |     2 |    11 |     7 ||    20
       Distracted        |       |     1 |       |       ||     1
       Sleeping          |       |       |       |     1 ||     1
  Eat: Chunk             |    11 |    12 |    22 |    15 ||    60
Armor: Robe              |    44 |    46 |    95 |    22 ||   207
       Skin              |       |       |    33 |       ||    33
       Troll leather arm |       |       |       |    75 ||    75
Dodge: Dodged            |    48 |    64 |   176 |   123 ||   411

Table legend:
 A = Spawn XP
 B = Non-spawn XP
 C = Spawn XP percentage of total XP
 D = Spawn monster count
 E = Non-spawn monster count
 F = Spawn count percentage of total count
 G = Total turns spent on level
                    A         B        C        D         E        F      G
               +---------+---------+-------+---------+---------+-------+---------
         Total |       0 |   12985 |   0.0 |       0 |     227 |   0.0 |  5225
               +---------+---------+-------+---------+---------+-------+---------
           D:1 |       0 |      20 |   0.0 |       0 |      12 |   0.0 |   205
           D:2 |       0 |      32 |   0.0 |       0 |      12 |   0.0 |   528
           D:3 |       0 |     146 |   0.0 |       0 |      19 |   0.0 |   320
           D:4 |       0 |     234 |   0.0 |       0 |      12 |   0.0 |   222
           D:5 |       0 |     172 |   0.0 |       0 |       3 |   0.0 |   106
           D:6 |       0 |     357 |   0.0 |       0 |      24 |   0.0 |   586
           D:7 |       0 |     563 |   0.0 |       0 |      13 |   0.0 |   380
           D:8 |       0 |    1936 |   0.0 |       0 |      32 |   0.0 |   682
           D:9 |       0 |    1723 |   0.0 |       0 |      29 |   0.0 |   555
          D:10 |       0 |    2175 |   0.0 |       0 |      19 |   0.0 |   333
          D:11 |       0 |    4440 |   0.0 |       0 |      34 |   0.0 |   708
          D:12 |       0 |    1137 |   0.0 |       0 |       6 |   0.0 |   217
         Sewer |       0 |      50 |   0.0 |       0 |      12 |   0.0 |   298
               +---------+---------+-------+---------+---------+-------+---------
